 Dungeon Crawl Stone Soup version 0.23.2-1-ga50397a6bc (webtiles) character file.

Game seed: 12316055371691011897

4127 Mrkan the Grappler (level 10, -4/91 HPs)
             Began as a Troll Monk on May 22, 2019.
             Was a High Priest of Ru.
             Slain by a vampire (10 damage)
             ... on level 8 of the Dungeon.
             The game lasted 00:15:43 (7218 turns).

Mrkan the Grappler (Troll Monk)                     Turns: 7218, Time: 00:15:43

Health: -4/91      AC:  8    Str: 21    XL:     10   Next: 6%
Magic:  9/9        EV: 11    Int:  6    God:    Ru [*****.]
Gold:   330        SH:  0    Dex: 15    Spells: 9/9 levels left

rFire    x . .     SeeInvis .     - Unarmed
rCold    x . .     Gourm    +   (no shield)
rNeg     . . .     Faith    .   E - +2 robe {MR+}
rPois    .         Spirit   .   (helmet restricted)
rElec    .         Reflect  .   (no cloak)
rCorr    .         Harm     .   (gloves unavailable)
MR       +....                  (boots unavailable)
Stlth    ++........             g - amulet of rage
HPRegen  0.65/turn              (no ring)
MPRegen  0.11/turn              (no ring)

@: starving
A: large, unfitting armour, claws 3, fast metabolism 3, gourmand, regeneration
1, shaggy fur 1, tough skin 3, hated by all, no charms magic, no ice magic, no
necromancy magic, temperature sensitive
a: Draw Out Power, Power Leap, Apocalypse, Renounce Religion, Evoke Berserk Rage


You were on level 8 of the Dungeon.
You worshipped Ru.
Ru was extremely pleased with you.
You were starving.

You visited 2 branches of the dungeon, and saw 9 of its levels.
You also visited: Sewer.

You collected 330 gold pieces.

Inventory:

Hand Weapons
 D - a +0 halberd of flaming
Armour
 a - a +0 robe
 E - a +2 robe of magic resistance (worn)
 F - a +0 buckler
Jewellery
 g - an amulet of rage (around neck)
 G - an uncursed amulet of the acrobat {unknown}
Wands
 h - a wand of paralysis (8)
 y - a wand of random effects (16)
 C - a wand of acid (5)
Scrolls
 f - 4 scrolls of remove curse
 i - 2 scrolls of enchant weapon {unknown}
 j - 4 scrolls of teleportation {unknown}
 o - 4 scrolls of amnesia {unknown}
 q - a scroll of fear {unknown}
 r - 2 scrolls of random uselessness {unknown}
 t - 5 scrolls of blinking {unknown}
 v - 3 scrolls of magic mapping {unknown}
 w - a scroll of noise {unknown}
 A - 2 scrolls of fog {unknown}
 B - a scroll of enchant armour {unknown}
Potions
 c - 3 potions of invisibility
 d - 6 potions of curing
 e - 2 potions of degeneration {unknown}
 k - 2 potions of brilliance {unknown}
 l - 2 potions of agility {unknown}
 m - 3 potions of flight
 n - 2 potions of might {unknown}
 p - 2 potions of heal wounds
 s - 3 potions of mutation {unknown}
 u - a potion of lignification {unknown}
 x - a potion of haste {unknown}
 z - 3 potions of ambrosia
Comestibles
 b - 23 rations


   Skills:
 - Level 3.5 Fighting
 * Level 7.9 Throwing
 - Level 2.4 Dodging
 - Level 1.0 Stealth
 - Level 11.5 Unarmed Combat


You had 9 spell levels left.
You didn't know any spells.
Your spell library was empty.

Dungeon Overview and Level Annotations

Branches:
Dungeon (8/15)             Temple (1/1) D:4
   Lair: D:8-11

Altars:
Ashenzari
Cheibriados
Dithmenos
Elyvilon
Fedhas
Gozag
Hepliaklqana
Kikubaaqudgha
Makhleb
Nemelex Xobeh
Okawaru
Qazlal
Ru
Sif Muna
Trog
Uskayaw
Vehumet
Wu Jian
Xom
Yredelemnul
Zin
The Shining One

Annotations:
D:4 3 runed translucent doors, Dickchan's ghost, novice MfFi


Innate Abilities, Weirdness & Mutations

You are too large for most types of armour.
You have claws for hands.
Your metabolism is lightning-fast.
You like to eat raw meat.
Your natural rate of healing is unusually fast.
You are covered in fur. (AC +1)
You have extremely tough skin. (AC +3)
You are hated by all.
You cannot study or cast Charms magic.
You cannot study or cast Ice magic.
You cannot study or cast Necromancy magic.
You are sensitive to extremes of temperature. (rF-, rC-)


Message History

You miss something.
A vampire appears from thin air!
Reactivating autopickup.
The vampire begins to cast a spell, but is stunned by your will!
You barely miss the vampire.
The vampire is almost destroyed.
The vampire barely misses you. The vampire bites you!
* * * LOW HITPOINT WARNING * * *
The vampire draws strength from your injuries!
You scratch the vampire but do no damage.
The vampire is almost destroyed.
You barely miss the vampire.
The vampire is almost destroyed.
You redirect the vampire's attack!
The vampire gestures wildly while chanting.
The vampire flickers and vanishes!
Deactivating autopickup; reactivate with Ctrl-A.
You scratch something but do no damage. Something hits you!
* * * LOW HITPOINT WARNING * * *
Something bites you!
You die...

#######.#####..#..#
##..#
......>.(......#.......#
.
#######.#####.##.###..#
.# #.....#.##.##..# :#
#####.#.##.##.#.#.#
#.#.##.>..# .#
###.#.###..†#.#!#
#######........{...# [#
#.......#.#...@...#.# .#
##.#######.#####.#.#..#
. ##...#.## #.# #.#.#
..# ...#....# #.# #.#..
##.. ##...#.## #.#
#.##.. .## ##.##.# #.#
#.. ### . #.##.# #.# #.#
#.##.####.# %.
#.##.P....#


There were no monsters in sight!

Vanquished Creatures
  An ugly thing (D:8)
  Sigmund (D:3)
  A hungry ghost (D:8)
  Duvessa (D:4)
  4 orc warriors
  An ice beast (D:5)
  3 sky beasts
  3 ogres
  A necrophage (D:8)
  2 phantoms
  4 centaurs
  2 big kobolds
  A bullfrog (D:8)
  A wyvern zombie (D:8)
  Dowan (D:4)
  3 scorpions
  6 killer bees (D:6)
  4 crimson imps
  4 hounds
  A bullfrog skeleton (D:6)
  3 orc priests
  A centaur skeleton (D:4)
  An iguana (Temple)
  6 orc wizards
  9 worker ants
  A hound skeleton (D:5)
  4 gnolls (D:7)
  9 adders
  2 river rats (D:3)
  2 shadow imps (D:5)
  3 oozes
  An adder zombie (D:5)
  4 worms
  An adder skeleton (D:5)
  3 dart slugs
  4 leopard geckos
  15 orcs
  10 giant cockroaches
  6 hobgoblins
  4 jackals (D:5)
  A quokka (D:7)
  5 ball pythons
  7 bats
  5 frilled lizards
  7 goblins
  22 kobolds
  A leopard gecko skeleton (D:4)
  A leopard gecko zombie (D:5)
  11 rats
194 creatures vanquished.

Notes
Turn   | Place    | Note
-------+----------+-------------------------------------------
     0 | D:1      | Mrkan the Troll Monk began the quest for the Orb.
     0 | D:1      | Reached XP level 1. HP: 22/22 MP: 0/0
   204 | D:1      | Reached XP level 2. HP: 22/29 MP: 1/1
  1135 | D:2      | Reached XP level 3. HP: 17/36 MP: 2/2
  1224 | D:2      | Reached skill level 4 in Unarmed Combat
  1335 | D:2      | Found a faded altar of an unknown god.
  1461 | D:2      | Reached XP level 4. HP: 42/45 MP: 3/3
  1780 | D:3      | Found a glowing drain.
  1788 | Sewer    | Entered a sewer
  2005 | Sewer    | Noticed a big kobold
  2014 | Sewer    | Killed a big kobold
  2014 | Sewer    | Reached skill level 5 in Unarmed Combat
  2014 | Sewer    | Reached XP level 5. HP: 44/53 MP: 4/4
  2146 | D:3      | Noticed Sigmund
  2162 | D:3      | Killed Sigmund
  2162 | D:3      | Reached skill level 6 in Unarmed Combat
  2162 | D:3      | Reached XP level 6. HP: 47/61 MP: 5/5
  2994 | D:4      | Found a staircase to the Ecumenical Temple.
  3006 | Temple   | Entered the Ecumenical Temple
  3161 | Temple   | Became a worshipper of Ru the Awakened
  3163 | Temple   | Gained mutation: You are sensitive to extremes of
                  | temperature. (rF-, rC-) [Ru sacrifice]
  3163 | Temple   | Reached * piety under Ru
  3163 | Temple   | Reached ** piety under Ru
  3218 | D:4      | Reached skill level 7 in Unarmed Combat
  3297 | D:4      | Found a runed translucent gate.
  3298 | D:4      | Found a runed translucent gate.
  3303 | D:4      | Noticed Dickchan's ghost (novice MfFi)
  3323 | D:4      | Reached XP level 7. HP: 53/67 MP: 6/6
  3335 | D:4      | Found a runed translucent gate.
  3463 | D:4      | Noticed Duvessa
  3465 | D:4      | Noticed Dowan
  3473 | D:4      | Killed Duvessa
  3473 | D:4      | Reached skill level 8 in Unarmed Combat
  3479 | D:4      | Killed Dowan
  4035 | D:5      | Entered Level 5 of the Dungeon
  4083 | D:5      | You fall through a shaft!
  4134 | D:5      | Reached skill level 9 in Unarmed Combat
  4268 | D:5      | Reached XP level 8. HP: 48/75 MP: 7/7
  4384 | D:5      | Reached skill level 10 in Unarmed Combat
  5032 | D:6      | Reached skill level 11 in Unarmed Combat
  5146 | D:6      | Gained mutation: You are hated by all. [Ru sacrifice]
  5146 | D:6      | Reached *** piety under Ru
  5146 | D:6      | Reached **** piety under Ru
  5182 | D:6      | Reached XP level 9. HP: 78/83 MP: 8/8
  5290 | D:6      | Reached skill level 1 in Throwing
  6691 | D:8      | Found an ancient bone altar of Kikubaaqudgha.
  6715 | D:8      | Reached skill level 5 in Throwing
  7110 | D:8      | Gained mutation: You cannot study or cast Ice magic. [Ru
                  | sacrifice]
  7110 | D:8      | Gained mutation: You cannot study or cast Necromancy magic.
                  | [Ru sacrifice]
  7110 | D:8      | Gained mutation: You cannot study or cast Charms magic. [Ru
                  | sacrifice]
  7110 | D:8      | Reached ***** piety under Ru
  7166 | D:8      | Noticed a purple ugly thing
  7177 | D:8      | Killed a purple ugly thing
  7177 | D:8      | Reached XP level 10. HP: 72/91 MP: 9/9
  7218 | D:8      | Slain by a vampire

Skill      XL: |  1  2  3  4  5  6  7  8  9 |
---------------+----------------------------+-----
Unarmed Combat | 4 5 6 7 9 11 | 11.5
Fighting       | 3 |  3.5
Throwing       | 7 |  7.9
Dodging        | |  2.4
Stealth        | |  1.0

Action                   |  1- 3 |  4- 6 |  7- 9 | 10-12 || total
-------------------------+-------+-------+-------+-------++-------
Melee: Unarmed           |   127 |   153 |   276 |    28 ||   584
       Punch             |     1 |       |    14 |     3 ||    18
Invok: Sacrifice Resista |       |     1 |       |       ||     1
       Sacrifice Love    |       |       |     1 |       ||     1
       Sacrifice Arcana  |       |       |     1 |       ||     1
 Abil: Evoke Berserk Rag |       |     1 |     5 |       ||     6
  Use: Scroll            |       |       |     7 |       ||     7
       Potion            |       |       |       |     1 ||     1
 Stab: Sleeping          |     2 |     5 |     6 |       ||    13
       Invisible         |       |       |     2 |       ||     2
       Distracted        |       |       |     1 |       ||     1
  Eat: Chunk             |     6 |    25 |    28 |       ||    59
       Ration            |     1 |       |     2 |       ||     3
Armor: Robe              |    44 |    58 |    47 |    10 ||   159
Dodge: Dodged            |    69 |    88 |    97 |    10 ||   264
